 Dungeon Crawl Stone Soup version 0.29.0-13-gc9e81de378 (webtiles) character file.

Game seed: 1900132136360749031

19 groovy9 the Ruffian (level 2, -2/29 HPs)
             Began as a Troll Berserker on Sept 7, 2022.
             Was a Follower of Trog.
             Slain by a goblin
             ... wielding a +0 dagger
             ... led by Robin
              (5 damage)
             ... on level 2 of the Dungeon.
             The game lasted 00:02:22 (320 turns).

groovy9 the Ruffian (Troll Berserker)                Turns: 320, Time: 00:02:22

Health: -2/29      AC:  4    Str: 24    XL:     2   Next: 55%
Magic:  1/1        EV: 10    Int:  3    God:    Trog [*.....]
Gold:   12         SH:  0    Dex:  9    Spells: 1/1 levels left

rFire   . . .      SeeInvis .     - Unarmed
rCold   . . .      Faith    .   (no shield)
rNeg    . . .      Spirit   .   a - +0 animal skin
rPois   .          Reflect  .   (helmet restricted)
rElec   .          Harm     .   (no cloak)
rCorr   .          Rampage  .   (gloves unavailable)
Will    .....                   (boots unavailable)
Stlth   +.........              (no amulet)
HPRegen 0.89/turn               (no ring)
MPRegen 0.07/turn               (no ring)

@: on berserk cooldown, slowed, very slow
A: large, unfitting armour, claws 3, regeneration 1, shaggy fur 1, tough skin 1
a: Renounce Religion, Berserk


You were on level 2 of the Dungeon.
You worshipped Trog.
Trog was aware of your devotion.
You visited 1 branch of the dungeon, and saw 2 of its levels.

You collected 12 gold pieces.

Inventory:

Missiles
 e - 6 poisoned darts (quivered)
Armour
 a - a +0 animal skin (worn)
Scrolls
 b - a scroll of summoning {unknown}
Potions
 c - a potion of brilliance {unknown}
 d - a potion of mutation {unknown}


   Skills:
 - Level 2.4 Fighting
 + Level 2.7 Dodging
 * Level 3.6 Unarmed Combat


You had one spell level left.
You didn't know any spells.
Your spell library was empty.

Dungeon Overview and Level Annotations

Branches:
Dungeon (1/15)

Altars:

Annotations:
D:2 Robin


Innate Abilities, Weirdness & Mutations

You are too large for most types of armour.
You have claws for hands.
Your natural rate of healing is unusually fast.
You are covered in fur. (AC +1)
You have tough skin. (AC +1)


Message History

Trog accepts your kill. Robin throws the goblin at you!
The goblin hits you but does no damage.
You closely miss the goblin. The goblin hits you with a +0 club.
The goblin hits you with a +2 dagger of electrocution.
You claw the goblin!
You kill the goblin!
Trog accepts your kill.
The goblin hits you with a +2 dagger of electrocution.
You are electrocuted!!
Ouch! That really hurt!
* * * LOW HITPOINT WARNING * * *
Robin roars a battlecry!
The goblins go into a battle-frenzy!
You are too injured to fight recklessly!
You are too injured to fight recklessly!
You are too injured to fight recklessly!
The goblin attacks as you move away! The goblin barely misses you.
A red film seems to cover your vision as you go berserk!
You feel yourself moving faster!
You feel mighty!
The goblin hits you with a +2 dagger of electrocution.
* * * LOW HITPOINT WARNING * * *
You are too injured to fight recklessly!
You are too injured to fight recklessly!
You closely miss the goblin. You claw the goblin.
You kill the goblin!
Trog accepts your kill.
Robin roars a battlecry!
The goblin goes into a battle-frenzy!
You scratch the goblin.
You kill the goblin!
Trog accepts your kill.
You feel a strong urge to attack something.
You feel your anger nearly subside.
You are no longer berserk.
You are exhausted.
You feel yourself slow down. Robin throws the goblin at you!
The goblin hits you with a +0 dagger.
* * * LOW HITPOINT WARNING * * *
You completely miss the goblin. The goblin hits you but does no damage.
The goblin hits you with a +0 dagger.
You die...

#.###.#)#.#..##### #.#
#.#......#
#.###.#.........K.
#.####.#.........###.#.
...................# #
.#......#.#.........#
#.######.###.###...#
#.######)#..........
#.g)gg@g.........
##.g####......... ##.
########## g.


ggg .... ..... ...... You could see Robin and 4 goblins.

Vanquished Creatures
  A bat (D:1)
  An endoplasm (D:1)
  8 goblins (D:2)
  2 hobgoblins (D:2)
  A ball python (D:1)
  3 kobolds
16 creatures vanquished.

Notes
Turn   | Place    | Note
-------+----------+-------------------------------------------
     0 | D:1      | groovy9 the Troll Berserker began the quest for the Orb.
     0 | D:1      | Reached XP level 1. HP: 22/22 MP: 0/0
   215 | D:1      | You fall into a shaft and drop 1 floor!
   295 | D:2      | Reached XP level 2. HP: 29/29 MP: 1/1
   308 | D:2      | Noticed Robin
   320 | D:2      | Slain by a goblin

Illustrated notes

Levels and vault maps discovered:
D:1:      lightli_arrival_statue_moat, layout_basic,
          shapermc_ecumenical_altar_mp_urbaneastern,
          minmay_misc_feat_secret_circle, minmay_pentomino_z2
D:2:      layout_basic, serial_corexii_hall, corexii_hall_statues_l,
          corexii_hall_statues_t, uniq_robin

Action                   || total
-------------------------++-------
Melee: Unarmed           ||    33
       Punch             ||     3
Invok: Berserk           ||     1
Armor: Animal skin       ||    21
Dodge: Dodged            ||    20
